 Dungeon Crawl Stone Soup version 0.29.1-4-g47bece8355 (webtiles) character file.

Game seed: 18075296540404085800

34 safid the Shooter (level 3, -4/31 HPs)
             Began as a Minotaur Hunter on Dec 5, 2022.
             Slain by Terence
             ... wielding a +1 flail of protection
              (9 damage)
             ... on level 3 of the Dungeon.
             The game lasted 00:02:35 (1194 turns).

safid the Shooter (Minotaur Hunter)                 Turns: 1194, Time: 00:02:36

Health: -4/31      AC:  5    Str: 15    XL:     3   Next: 14%
Magic:  2/2        EV: 12    Int:  6    God:
Gold:   90         SH:  0    Dex: 15    Spells: 2/2 levels left

rFire   . . .      SeeInvis .   a - +0 shortbow
rCold   . . .      Faith    .   (shield currently unavailable)
rNeg    . . .      Spirit   .   c - +0 leather armour
rPois   .          Reflect  .   l - +2 hat
rElec   .          Harm     .   (no cloak)
rCorr   .          Rampage  .   (no gloves)
Will    .....                   (no boots)
Stlth   +.........              (no amulet)
HPRegen 0.10/turn               (no ring)
MPRegen 0.08/turn               (no ring)

@: no status effects
A: horns 2, retaliatory headbutt
a: no special abilities


You were on level 3 of the Dungeon.
You visited 1 branch of the dungeon, and saw 3 of its levels.

You collected 90 gold pieces.

Inventory:

Hand Weapons
 a - a +0 shortbow (weapon)
Armour
 c - a +0 leather armour (worn)
 l - a +2 hat (worn)
Scrolls
 b - a scroll of immolation
 e - 2 scrolls of teleportation {unknown}
 g - 3 scrolls of identify {unknown}
 j - 2 scrolls of summoning {unknown}
 k - a scroll of noise {unknown}
 m - a scroll of torment {unknown}
Potions
 d - 2 potions of curing {unknown}
 f - a potion of haste {unknown}
 h - 4 potions of berserk rage {unknown}
 i - a potion of resistance {unknown}


   Skills:
 + Level 3.5 Fighting
 + Level 5.0 Ranged Weapons
 - Level 2.1 Dodging
 - Level 0.7 Stealth


You had 2 spell levels left.
You didn't know any spells.
Your spell library contained the following spells:

 Spells                   Type           Power      Damage    Failure   Level
 Sandblast                Erth           0%         2d4       52%         1
 Passwall                 Tmut/Erth      0%         N/A       67%         2
 Gell's Gravitas          Tloc           0%         N/A       88%         3
 Lesser Beckoning         Tloc           0%         N/A       88%         3
 Stone Arrow              Conj/Erth      0%         3d7       88%         3
 Teleport Other           Tloc           0%         N/A       88%         3


Dungeon Overview and Level Annotations

Branches:
Dungeon (2/15)

Altars:

Annotations:
D:3 Terence


Innate Abilities, Weirdness & Mutations

You have a pair of horns on your head.
You reflexively headbutt those who attack you in melee.


Message History

The arrow hits Terence but does no damage.
Terence is heavily wounded.
Terence hits you with a +1 flail of protection.
You shoot an arrow. The arrow hits Terence.
Terence is severely wounded.
Terence hits you with a +1 flail of protection.
You shoot an arrow.
The arrow hits Terence but does no damage.
Terence is severely wounded.
Terence closely misses you.
Terence hits you with a +1 flail of protection!
* * * LOW HITPOINT WARNING * * *
You are too injured to fight recklessly!
You are too injured to fight recklessly!
You are too injured to fight recklessly!
Fire: a) +0 shortbow
Press: ? - help, Q - select action Shift-Dir - straight line, f/p - Terence
Aim: Terence, wielding a +1 flail of protection and wearing a +0 chain mail (severely wounded, 69% to hit)
You shoot an arrow.
The arrow hits Terence but does no damage.
Terence is severely wounded.
Terence hits you with a +1 flail of protection.
* * * LOW HITPOINT WARNING * * *
Unknown command.
Fire: a) +0 shortbow
Press: ? - help, Q - select action Shift-Dir - straight line, f/p - Terence
Aim: Terence, wielding a +1 flail of protection and wearing a +0 chain mail (severely wounded, 69% to hit)
You shoot an arrow.
The arrow hits Terence but does no damage.
Terence is severely wounded.
Terence hits you but does no damage.
Unknown command.
Fire: a) +0 shortbow
Press: ? - help, Q - select action Shift-Dir - straight line, f/p - Terence
Aim: Terence, wielding a +1 flail of protection and wearing a +0 chain mail (severely wounded, 69% to hit)
You shoot an arrow.
The arrow hits Terence but does no damage.
Terence is severely wounded.
Terence hits you with a +1 flail of protection!
You die...

#.# #.#
#######.#
#.......#
#.#######
#.# #.#
#.# #@#
#@# #..
##.# ..
.## .# .#


You could see Terence.

Vanquished Creatures
  An adder (D:2)
  4 ball pythons
  5 endoplasms
  3 goblins
  3 hobgoblins
  2 bats (D:1)
  A frilled lizard (D:2)
  3 rats (D:1)
22 creatures vanquished.

Notes
Turn   | Place    | Note
-------+----------+-------------------------------------------
     0 | D:1      | safid the Minotaur Hunter began the quest for the Orb.
     0 | D:1      | Reached XP level 1. HP: 18/18 MP: 0/0
   130 | D:1      | Reached XP level 2. HP: 24/26 MP: 1/1
   165 | D:1      | Found a faded altar of an unknown god.
  1110 | D:2      | Reached skill level 5 in Ranged Weapons
  1110 | D:2      | Reached XP level 3. HP: 27/31 MP: 2/2
  1161 | D:2      | You fall into a shaft and drop 1 floor!
  1180 | D:3      | Noticed Terence
  1194 | D:3      | Slain by Terence

Illustrated notes

Levels and vault maps discovered:
D:1:      dpeg_arrival_oval, layout_loops_corners, basic_ecumenical_altar,
          st_stairs_3
D:2:      layout_loops_ring, minmay_pentomino_w2
D:3:      layout_loops_ring, nicolae_overflow_hidden_temple, dk_noncrumbling_3,
          uniq_grinder, uniq_terence

Skill      XL: |  1  2 |
---------------+-------+-----
Fighting       | 3 |  3.5
Ranged Weapons | 5 |  5.0
Dodging        | |  2.1
Stealth        | |  0.7

Action                   || total
-------------------------++-------
 Fire: Shortbow          ||    63
Armor: Leather armour    ||     4
Dodge: Dodged            ||     9
